 Dungeon Crawl Stone Soup version 0.30-a0-728-gc68057be0a (webtiles) character file.

Game seed: 10392113755133039766

8831 Mitcholas the Skirmisher (level 11, 0/92 HPs)
             Began as a Grey Draconian Hunter on Jan 30, 2023.
             Was a High Priest of Okawaru.
             Slain by a radroach (15 damage)
             ... on level 11 of the Dungeon.
             The game lasted 00:22:57 (10166 turns).

Mitcholas the Skirmisher (Grey Draconian Hunter)   Turns: 10166, Time: 00:22:58

Health: 0/92       AC: 15    Str: 16    XL:     11   Next: 15%
Magic:  15/15      EV: 17    Int: 12    God:    Okawaru [*****.]
Gold:   509        SH:  0    Dex: 26    Spells: 10/10 levels left

rFire   . . .      SeeInvis .    a - +0 shortbow (heavy)
rCold   . . .      Faith    .    (shield currently unavailable)
rNeg    . . .      Spirit   .    (body armour unavailable)
rPois   .          Reflect  .    (helmet restricted)
rElec   .          Harm     .    (no cloak)
rCorr   .          Rampage  .    k - +0 pair of gloves
Will    +....                    x - +1 pair of boots
Stlth   ++++                     D - amulet of regeneration
HPRegen 1.15/turn                B - ring "Koysoupli" {Str+3 Int+3 Dex+6 Slay+3}
MPRegen 0.14/turn                z - ring of willpower

@: no status effects
A: AC +12, amphibious, unfitting armour, cold-blooded
a: Renounce Religion, Heroism, Finesse, Duel


You were on level 11 of the Dungeon.
You worshipped Okawaru.
Okawaru was extremely pleased with you.
You visited 2 branches of the dungeon, and saw 12 of its levels.
You visited the Abyss 1 time.

You collected 719 gold pieces.
You spent 210 gold pieces at shops.

Inventory:

Hand Weapons
 a - a +0 heavy shortbow (weapon)
Armour
 k - a +0 pair of gloves (worn)
 x - a +1 pair of boots (worn)
Jewellery
 z - a ring of willpower (right hand)
 B - the ring "Koysoupli" (left hand) {Str+3 Int+3 Dex+6 Slay+3}
   (You found it on level 7 of the Dungeon)

   [ring of dexterity]

   Str:       It affects your strength (+3).
   Int:       It affects your intelligence (+3).
   Dex:       It affects your dexterity (+6).
   Slay:      It affects your accuracy & damage with ranged weapons and melee
   (+3).
 D - an amulet of regeneration (around neck)
Wands
 m - a wand of flame (15)
 r - a wand of polymorph (10)
 s - a wand of quicksilver (2)
Scrolls
 b - a scroll of immolation
 e - 4 scrolls of teleportation {unknown}
 h - 3 scrolls of poison {unknown}
 j - 2 scrolls of fog
 n - 3 scrolls of magic mapping {unknown}
 p - 2 scrolls of blinking {unknown}
 u - 3 scrolls of vulnerability {unknown}
 v - 4 scrolls of noise {unknown}
 y - 2 scrolls of enchant armour {unknown}
 A - 3 scrolls of fear {unknown}
 E - a scroll of amnesia {unknown}
Potions
 c - 6 potions of cancellation
 d - 2 potions of magic {unknown}
 f - 3 potions of attraction
 g - 4 potions of mutation
 i - a potion of lignification {unknown}
 l - 6 potions of curing
 o - a potion of heal wounds {unknown}
 q - 3 potions of brilliance {unknown}
 t - a potion of flight {unknown}
 w - 3 potions of might
 C - a potion of degeneration {unknown}
 F - 2 potions of berserk rage {unknown}


   Skills:
 + Level 7.0 Fighting
 * Level 11.4 Ranged Weapons
 + Level 5.8 Dodging
 - Level 5.0 Stealth
 + Level 5.7 Invocations
 - Level 6.0 Evocations


You had 10 spell levels left.
You didn't know any spells.
Your spell library contained the following spells:

 Spells                   Type           Power      Damage    Failure   Level
 Cigotuvi's Dreadful Rot  Necr/Pois/Air  0%         N/A       45%         2
 Dispel Undead            Necr           0%         3d6       97%         4
 Blade Hands              Tmut           0%         N/A       100%        5
 Iron Shot                Conj/Erth      0%         9d1       100%        6
 Animate Armour           Summ/Erth      Unusable   N/A       N/A         4
 Death Channel            Necr           Unusable   N/A       N/A         6

Dungeon Overview and Level Annotations

Branches:
Dungeon (11/15)            Temple (1/1) D:5            Lair (0/5) D:11
    Orc (0/2) D:11

Altars:
Ashenzari
Cheibriados
Dithmenos
Elyvilon
Fedhas
Gozag
Hepliaklqana
Kikubaaqudgha
Makhleb
Nemelex Xobeh
Okawaru
Qazlal
Ru
Sif Muna
Trog
Uskayaw
Vehumet
Wu Jian
Xom
Yredelemnul
Zin
The Shining One

Shops:
D:4 *

Annotations:
D:3 1 runed translucent door, Crazy Yiuf
D:7 1 runed translucent door, browni3141's ghost, novice TrBe


Innate Abilities, Weirdness & Mutations

Your dull iron-grey scales are very hard. (AC +12)
You are amphibious.
You cannot fit into any form of body armour.
You are cold-blooded and may be slowed by cold attacks.


Message History

Aim: a boulder beetle (will become a radroach, a faun, or a yaktaur, chance to affect: 47%)
The boulder beetle resists with some effort.
The boulder beetle misses you.
Aiming: Polymorph
Press: ? - help, Shift-Dir - straight line, f/p - boulder beetle
Aim: a boulder beetle (will become a radroach, a faun, or a yaktaur, chance to affect: 47%)
The boulder beetle resists with some effort.
The boulder beetle bites you.
Aiming: Polymorph
Press: ? - help, Shift-Dir - straight line, f/p - boulder beetle
Aim: a boulder beetle (will become a radroach, a faun, or a yaktaur, chance to affect: 47%)
The boulder beetle evaporates and reforms as a radroach!
Aiming: Polymorph
Press: ? - help, Shift-Dir - straight line, f/p - radroach
Aim: a radroach (will become a goliath frog, a swamp worm, or a bunyip, chance to affect: 29%)
Okay, then.
Aiming: Quicksilver Bolt
Press: ? - help, Shift-Dir - straight line, f/p - radroach
Aim: a radroach (91% to hit)
The bolt of dispelling energy hits the radroach!!
The radroach is moderately wounded.
You hear a shout!
The radroach bites you! The radroach claws you!
Aiming: Quicksilver Bolt
Press: ? - help, Shift-Dir - straight line, f/p - radroach
Aim: a radroach (moderately wounded, 91% to hit)
The bolt of dispelling energy hits the radroach!
The radroach is heavily wounded.
The radroach bites you!
* * * LOW HITPOINT WARNING * * *
The radroach claws you.
* * * LOW HITPOINT WARNING * * *
Aiming: Quicksilver Bolt
Press: ? - help, Shift-Dir - straight line, f/p - radroach
Aim: a radroach (heavily wounded, 91% to hit)
The bolt of dispelling energy hits the radroach!
The radroach is heavily wounded.
The radroach erupts in a fountain of uncontrolled magic!
You are blasted with magical radiation!
You die...

.. .. .. ...# .... ...#
#########################
.......B@................
####..)##################
###. ). ... ..>) .....
......


You could see a radroach.

Vanquished Creatures
  A two-headed ogre (D:11)
  A manticore (D:11)
  An unseen horror (D:10)
  A red devil (D:4)
  A troll (D:10)
  A hornet (D:9)
  A vampire (D:9)
  2 wraiths
  A wyvern (D:9)
  11 yaks
  4 vampire mosquitoes (D:11)
  An acid dragon (D:9)
  2 orc warriors
  2 ice beasts
  2 black bears
  A tengu (D:9)
  2 sky beasts
  3 centaurs
  2 phantoms
  2 gnoll sergeants
  4 necrophages
  A scorpion (D:4)
  14 wights
  3 killer bees (D:8)
  5 howler monkeys
  4 electric eels (D:6)
  3 jellies
  5 hounds
  5 orc priests
  A gnoll bouda (D:6)
  Jessica (D:2)
  3 iguanas (D:5)
  10 orc wizards
  Natasha (thrice) (D:3)
  Robin (D:3)
  7 adders
  22 gnolls
  2 white imps
  An ufetubus (D:5)
  2 dart slugs (D:1)
  31 orcs
  3 endoplasms
  4 giant cockroaches
  35 goblins
  26 hobgoblins
  7 jackals
  11 kobolds
  5 quokkas
  9 ball pythons
  5 bats
  6 frilled lizards
  A rat (D:1)
282 creatures vanquished.

Vanquished Creatures (others)
  2 withered plants (D:7)
2 creatures vanquished.

Grand Total: 284 creatures vanquished

Notes
Turn   | Place    | Note
-------+----------+-------------------------------------------
     0 | D:1      | Mitcholas the Draconian Hunter began the quest for the Orb.
     0 | D:1      | Reached XP level 1. HP: 17/17 MP: 1/1
    63 | D:1      | Reached skill level 4 in Ranged Weapons
    98 | D:1      | Reached XP level 2. HP: 24/24 MP: 2/2
   574 | D:2      | Found a faded altar of an unknown god.
   636 | D:2      | Noticed Jessica
   640 | D:2      | Killed Jessica
   641 | D:2      | Reached XP level 3. HP: 29/29 MP: 3/3
   668 | D:2      | Reached skill level 5 in Ranged Weapons
   814 | D:2      | Reached XP level 4. HP: 36/36 MP: 4/4
  1212 | D:3      | Noticed a necrophage
  1220 | D:3      | Killed a necrophage
  1221 | D:3      | Reached XP level 5. HP: 33/41 MP: 5/5
  1394 | D:3      | Found a sparkling altar of Nemelex Xobeh.
  1469 | D:3      | Found a runed translucent door.
  1470 | D:3      | Noticed Crazy Yiuf
  1662 | D:3      | Noticed Robin
  1676 | D:3      | Killed Robin
  1677 | D:3      | Reached skill level 6 in Ranged Weapons
  2064 | D:3      | Found a glowing silver altar of Zin.
  2064 | D:3      | Found a burning altar of Makhleb.
  2065 | D:3      | Noticed an Executioner
  2065 | D:3      | Noticed an angel
  2172 | D:3      | Noticed Natasha
  2177 | D:3      | Killed Natasha
  2398 | D:3      | Noticed Natasha
  2402 | D:3      | Killed Natasha
  2403 | D:3      | Reached XP level 6. HP: 48/48 MP: 6/6
  2462 | D:3      | Noticed Natasha
  2503 | D:3      | Killed Natasha
  2652 | D:3      | Found a burning altar of Makhleb.
  2655 | D:3      | Found a glowing silver altar of Zin.
  2977 | D:3      | Found a sparkling altar of Nemelex Xobeh.
  3053 | D:3      | Found a runed translucent door.
  3269 | D:4      | Noticed Grinder
  3270 | D:4      | Grinder changed into Grinder the red devil
  3270 | D:4      | Noticed Grinder
  3282 | D:4      | Killed Grinder the red devil
  3283 | D:4      | Reached skill level 7 in Ranged Weapons
  3283 | D:4      | Your scales start taking on a dull iron-grey colour.
  3283 | D:4      | Reached XP level 7. HP: 39/55 MP: 7/7
  3325 | D:4      | Reached skill level 8 in Ranged Weapons
  3357 | D:4      | Reached skill level 1 in Stealth
  3447 | D:4      | Noticed Sigmund
  3448 | D:4      | Sigmund changed into Sigmund the scorpion
  3448 | D:4      | Noticed Sigmund
  3456 | D:4      | Killed Sigmund the scorpion
  3521 | D:4      | Found a shimmering blue altar of Sif Muna.
  3579 | D:4      | Reached skill level 1 in Evocations
  3732 | D:4      | Found Betum's Bounteous Boutique.
  3737 | D:4      | Bought a scroll of brand weapon for 95 gold pieces
  3830 | D:5      | Entered Level 5 of the Dungeon
  3830 | D:5      | Found a staircase to the Ecumenical Temple.
  3837 | Temple   | Entered the Ecumenical Temple
  3874 | Temple   | Became a worshipper of Warmaster Okawaru
  3897 | D:5      | Found a stormy altar of Qazlal.
  4032 | D:5      | Reached XP level 8. HP: 63/63 MP: 8/8
  4718 | Abyss:1  | Cast into level 1 of the Abyss (gnoll sergeant)
  4742 | Abyss:1  | Noticed a wretched star
  4761 | D:5      | Escaped the Abyss
  4767 | D:5      | Reached skill level 9 in Ranged Weapons
  5206 | D:4      | Bought a +1 pair of boots for 115 gold pieces
  5486 | D:6      | Reached * piety under Okawaru
  5663 | D:6      | Reached skill level 1 in Invocations
  6238 | D:6      | Reached XP level 9. HP: 71/71 MP: 10/10
  6807 | D:7      | Identified the ring "Koysoupli" {Str+3 Int+3 Dex+6 Slay+3}
  6860 | D:7      | Reached ** piety under Okawaru
  7108 | D:7      | Found a runed translucent door.
  7108 | D:7      | Noticed browni3141's ghost (novice TrBe)
  7121 | D:7      | Reached skill level 5 in Fighting
  7133 | D:7      | Reached skill level 10 in Ranged Weapons
  7143 | D:7      | Reached *** piety under Okawaru
  7368 | D:7      | Found a radiant altar of Vehumet.
  7822 | D:8      | Reached XP level 10. HP: 81/81 MP: 12/12
  8139 | D:8      | Found a bloodstained altar of Trog.
  8452 | D:9      | Reached **** piety under Okawaru
  8491 | D:9      | Reached skill level 5 in Stealth
  8491 | D:9      | Reached skill level 5 in Evocations
  8515 | D:9      | Reached skill level 5 in Dodging
  8603 | D:9      | Found an opulent altar of Gozag.
  9001 | D:9      | Found a glowing golden altar of the Shining One.
  9012 | D:9      | Found a basalt altar of Yredelemnul.
  9014 | D:9      | Noticed a profane servitor
  9046 | D:9      | Found a faded altar of an unknown god.
  9046 | D:9      | Found an ornate altar of the Wu Jian Council.
  9054 | D:9      | Found a shadowy altar of Dithmenos.
  9056 | D:9      | Found a faded altar of an unknown god.
  9058 | D:9      | Found a snail-covered altar of Cheibriados.
  9232 | D:9      | Noticed an angel
  9256 | D:10     | Entered Level 10 of the Dungeon
  9491 | D:10     | Found a hide-covered altar of Uskayaw.
  9543 | D:10     | Reached skill level 11 in Ranged Weapons
  9543 | D:10     | Reached skill level 5 in Invocations
 10030 | D:11     | Found a staircase to the Lair.
 10032 | D:11     | Noticed a manticore
 10034 | D:11     | Killed a manticore
 10034 | D:11     | Reached ***** piety under Okawaru
 10046 | D:11     | Identified the +1 cloak "Hirezup" {*Slow rF+ rC+} (Okawaru
                  | gifted it to you on level 11 of the Dungeon)
 10046 | D:11     | Received a gift from Okawaru
 10047 | D:11     | Reached XP level 11. HP: 91/91 MP: 15/15
 10070 | D:11     | Noticed a two-headed ogre
 10088 | D:11     | Killed a two-headed ogre
 10144 | D:11     | Found a staircase to the Orcish Mines.
 10152 | D:11     | Noticed a boulder beetle
 10163 | D:11     | a boulder beetle changed into a radroach
 10163 | D:11     | Noticed a radroach
 10166 | D:11     | Slain by a radroach

Illustrated notes

Levels and vault maps discovered:
D:1:      reono_arrival_mine, layout_basic
D:2:      layout_basic, chequers_ecumenical_altar_lobes, uniq_jessica
D:3:      layout_basic, mainiacjoe_overflow_catwalk,
          grunt_temple_overflow_order_and_chaos_2, uniq_natasha,
          uniq_crazy_yiuf_cottage, uniq_robin
D:4:      layout_cave_pools, kennysheep_mini_moat, nicolae_alphabet_shops,
          uniq_sigmund, uniq_grinder
D:5:      layout_layer_cave, nicolae_qazlal_general_emergency,
          minmay_temple_entry_trees
D:6:      minmay_goblin_kobold_castle, layout_basic, minmay_misc_feat_ornament
D:7:      layout_gridville, lemuel_tele_altar, gammafunk_ghost_grave
D:8:      layout_basic, trog_three_pillars_becter
D:9:      layout_long_grid, grunt_temple_overflow_holy_war,
          mainiacjoe_overflow_cross_hatched, chequers_temple_overflow_minitemple
D:10:     layout_long_grid, mainiacjoe_overflow_alcove_1
D:11:     layout_basic, lair_entry_dummy, orc_0_dummy
Temple:   nicolae_temple_ecumenical_triangle

Skill      XL: |  1  2  3  4  5  6  7  8  9 10 11 |
---------------+----------------------------------+-----
Ranged Weapons | 4 5 6 7 8 9 10 11 | 11.4
Stealth        | 1 3 4 5 |  5.0
Dodging        | 2 3 4 5 |  5.8
Evocations     | 1 3 4 5 6 |  6.0
Fighting       | 3 4 5 6 7 |  7.0
Invocations    | 1 3 5 |  5.7

Action                     |  1- 3 |  4- 6 |  7- 9 | 10-12 || total
---------------------------+-------+-------+-------+-------++-------
   Fire: Shortbow          |    75 |   133 |   382 |   194 ||   784
  Evoke: Wand              |       |     2 |     6 |     8 ||    16
    Use: Scroll            |       |       |     7 |       ||     7
         Potion            |       |       |       |     1 ||     1
 Armour: Skin              |    10 |    31 |    84 |    69 ||   194
  Dodge: Dodged            |    24 |    39 |   164 |   117 ||   344

Table legend: (Time is in decaauts)
 A = Elapsed time spent in this place.
 B = Non-inter-level travel time spent in this place.
 C = Inter-level travel time spent in this place.
 D = Time resting spent in this place.
 E = Time spent auto-exploring this place.
 F = Levels seen in this place.
 G = Mean time per level.
                   A        B        C        D        E       F      G
               +--------+--------+--------+--------+--------+-----+--------+
         Total |  10474 |   9973 |    501 |    724 |   7547 |  13 |  805.7 |
       Dungeon |  10380 |   9902 |    478 |    724 |   7528 |  11 |  943.6 |
        Temple |     50 |     27 |     23 |      0 |     19 |   1 |   50.0 |
         Abyss |     43 |     43 |      0 |      0 |      0 |   1 |   43.0 |
               +--------+--------+--------+--------+--------+-----+--------+

Top non-repeatable levels by time:
     D:3: 1996 daAuts
     D:6: 1601 daAuts
     D:5: 1334 daAuts
     D:7: 964 daAuts
     D:9: 863 daAuts
    D:10: 785 daAuts
     D:8: 727 daAuts
     D:4: 707 daAuts
     D:2: 654 daAuts
     D:1: 579 daAuts
    D:11: 165 daAuts
  Temple: 50 daAuts
 Abyss:1: 43 daAuts
